 Dungeon Crawl Stone Soup version 0.18.1-48-g4cf74bf (webtiles) character file.

60 Gargoyl the Skirmisher (level 3, -2/29 HPs)
             Began as a Demonspawn Abyssal Knight on Aug 29, 2016.
             Was a Follower of Lugonu.
             Slain by a gnoll
             ... wielding a +0 halberd
              (4 damage)
             ... on level 2 of the Dungeon.
             The game lasted 00:02:37 (1322 turns).

Gargoyl the Skirmisher (Demonspawn Abyssal Knight)  Turns: 1322, Time: 00:02:38

Health: -2/29      AC: 10    Str: 13    XL:     3   Next: 80%
Magic:  4/4        EV:  6    Int: 13    God:    Lugonu [*.....]
Gold:   63         SH:  0    Dex: 12    Spells: 0 memorised, 2 levels left

rFire  . . .     SeeInvis .     a - +1 hand axe
rCold  . . .     Gourm    .     d - +0 chain mail (curse)
rNeg   . . .     Faith    .     (no shield)
rPois  .         Spirit   .     (no helmet)
rElec  .         Dismiss  .     (no cloak)
rCorr  .         Reflect  .     (no gloves)
SustAt .         Harm     .     (no boots)
MR     .....                    (no amulet)
Stlth  ..........               (no ring)
                                (no ring)

@: not resistant to hostile enchantments, extremely unstealthy
A: yellow scales 1, rot immunity
a: Depart the Abyss, Renounce Religion


You were on level 2 of the Dungeon.
You worshipped Lugonu.
Lugonu was aware of your devotion.
You were not hungry.

You visited 1 branch of the dungeon, and saw 3 of its levels.
You visited the Abyss 1 time.

You collected 63 gold pieces.

Inventory:

Hand Weapons
 a - a +1 hand axe (weapon)
Armour
 d - a cursed +0 chain mail (worn)
Scrolls
 b - 2 scrolls of remove curse {unknown}
 h - a scroll of random uselessness {unknown}
 j - a scroll of amnesia {unknown}
Potions
 e - a potion of curing {unknown}
 f - a potion of brilliance {unknown}
 i - a potion of magic {unknown}
Comestibles
 c - a bread ration
 g - a slice of pizza
 k - 2 chunks of flesh


   Skills:
 + Level 3.6 Fighting
 + Level 2.1 Axes
 * Level 2.7 Armour
 + Level 1.2 Dodging
 + Level 2.6 Invocations


You had 2 spell levels left.
You didn't know any spells.

Dungeon Overview and Level Annotations

Branches:
Dungeon (3/15)

Altars:
The Shining One


Innate Abilities, Weirdness & Mutations

You are partially covered in yellow scales (AC +2).
You are immune to rotting.


Message History

The gnoll barely misses you.
You hit the gnoll.
The gnoll is severely wounded.
The gnoll hits you with a whip. The gnoll hits you but does no damage.
Your chain mail prevents you from hitting the gnoll.
The gnoll is severely wounded.
The gnoll hits you with a whip.
The gnoll hits you from afar with a halberd.
* * * LOW HITPOINT WARNING * * *
You completely miss the gnoll.
The gnoll is severely wounded.
The gnoll hits you with a whip.
* * * LOW HITPOINT WARNING * * *
The gnoll hits you from afar with a halberd.
* * * LOW HITPOINT WARNING * * *
You hit the gnoll.
You kill the gnoll!
Lugonu accepts your kill.
The gnoll hits you from afar with a halberd.
You die...

.......#......#............
.....g....#...#...........
.......g..#.............#
........†.#.............#
.......÷..#.............##
..#....†.g#####lg#.......#
..#.......g.g...gg.......+
. #..........###g#.......#
#..........#..@+..[....+
####.......#..##.......#
#.....###..##...#####
#.....'....##...#
#.....####.##...# #.....#
#.##...#### #.....#
#.#[......# #.....#
#.#)#..##..# ############
##....#.....#


You could see 2 gnolls, a hobgoblin, a goblin and a giant newt.

Vanquished Creatures
  A gnoll (D:2)
  An adder (D:2)
  2 dart slugs
  A ball python (D:1)
  2 giant cockroaches (D:1)
  6 goblins
  3 hobgoblins (D:1)
  5 jackals
  2 kobolds
  5 bats
  5 rats
33 creatures vanquished.

Notes
Turn   | Place    | Note
--------------------------------------------------------------
     0 | Abyss:1  | Gargoyl the Demonspawn Abyssal Knight began the quest for the Orb.
     0 | Abyss:1  | Reached XP level 1. HP: 18/18 MP: 2/2
    12 | Abyss:1  | Noticed a smoke demon
    17 | D:1      | Escaped the Abyss
    77 | D:1      | Reached skill level 1 in Dodging
   237 | D:1      | Reached * piety under Lugonu
   237 | D:1      | Gained mutation: You are partially covered in yellow scales (AC +2). [demonic ancestry]
   237 | D:1      | Reached XP level 2. HP: 19/24 MP: 3/3
   512 | D:1      | Found a glowing golden altar of the Shining One.
  1009 | D:2      | Gained mutation: You are immune to rotting. [demonic ancestry]
  1009 | D:2      | Reached XP level 3. HP: 28/29 MP: 4/4
  1322 | D:2      | Slain by a gnoll

Skill      XL: |  1  2 |
---------------+-------+-----
Dodging        | 1 |  1.2
Axes           | 2 |  2.1
Armour         | 2 |  2.7
Fighting       | |  3.6
Invocations    | |  2.6

Action                   || total
-------------------------++-------
Melee: Hand axe          ||   113
Invok: Depart the Abyss  ||     1
  Eat: Chunk             ||     2
Armor: Chain mail        ||   116
Dodge: Dodged            ||    49
